TOP OF THE 1ST |
Pittsfield Colonials batting - Pitching for Pawtucket Paw Sox : RHP Kevin McCoy
|
Pitching: RHP Kevin McCoy
|
|
Batting: SHB Steve Scafa
|
0-0: Ball 1-0: Ball 2-0: Called Strike 2-1: Swinging Strike 2-2: Ground out 5-3 (Groundball, 56S, EV 85.0 MPH)
|
Batting: SHB Mitch Webster
|
0-0: Ball 1-0: Foul Ball, location: 2F 1-1: Called Strike 1-2: Ball 2-2: Ball 3-2: Foul Ball, location: 2F 3-2: Foul Ball, location: 2F 3-2: Foul Ball, location: 2F 3-2: Base on Balls
|
Batting: LHB Terry Francona
|
0-0: Ball 1-0: Grounds into double play, 5-4-3 (Groundball, 5L, EV 91.3 MPH)
|
Top of the 1st over - 0 runs, 0 hits, 0 errors, 0 left on base; Pittsfield 0 - Pawtucket 0 |
BOTTOM OF THE 1ST |
Pawtucket Paw Sox batting - Pitching for Pittsfield Colonials : RHP Dave Stieb
|
Pitching: RHP Dave Stieb
|
|
Batting: LHB Jeff Stone
|
0-0: Ball 1-0: Ball 2-0: Ball 3-0: Called Strike 3-1: Foul Ball, location: 2F 3-2: Base on Balls
|
Batting: RHB Shooty Babitt
|
0-0: Hit by Pitch Jeff Stone to second
|
Batting: LHB Dave Haberle
|
0-0: Ball Jeff Stone steals 3rd base (no throw) Shooty Babitt to second 1-0: Called Strike 1-1: Called Strike 1-2: Reached on error, E5 (Groundball, 5, EV 87.5 MPH) Jeff Stone scores Shooty Babitt to third
|
Batting: RHB Brick Smith
|
0-0: Fly out, F8 (Flyball, 8RD, EV 84.4 MPH) Runner from 3rd tags up, SCORES, throw by CF
|
Batting: LHB David Wiggins
|
0-0: Called Strike 0-1: Foul Ball, location: 2F 0-2: Ball 1-2: Foul Ball, location: 2F 1-2: Ball 2-2: Ball 3-2: Foul Ball, location: 2F 3-2: Base on Balls Dave Haberle to second
|
Batting: LHB Steven Blackman
|
0-0: SINGLE (Groundball, 6MD, EV 96.3 MPH) Dave Haberle to third David Wiggins to second Runner from 3rd tries for Home, SAFE, throw by CF to home
|
Batting: RHB Joseph Baciotti
|
0-0: Ball 1-0: Ball 2-0: Called Strike 2-1: Ball 3-1: Foul Ball, location: 2F 3-2: Foul Ball, location: 2F 3-2: Base on Balls David Wiggins to third Steven Blackman to second
|
Batting: RHB Lenny Faedo
|
0-0: Ball 1-0: Foul Ball, location: 2F 1-1: Foul Ball, location: 2F 1-2: Ball 2-2: Strikes out swinging
|
Batting: RHB Gary Hargis
|
0-0: Foul Ball, location: 2F 0-1: Swinging Strike 0-2: Ball 1-2: Strikes out swinging
|
Bottom of the 1st over - 3 runs, 1 hit, 1 error, 3 left on base; Pittsfield 0 - Pawtucket 3 |
TOP OF THE 2ND |
Pittsfield Colonials batting - Pitching for Pawtucket Paw Sox : RHP Kevin McCoy
|
Batting: RHB Shawon Dunston
|
0-0: Ball 1-0: Ball 2-0: Called Strike 2-1: Foul Ball, location: 2F 2-2: SINGLE (Flyball, 78S, EV 96.3 MPH)
|
Batting: LHB Armando Ortiz
|
0-0: Ball 1-0: Ball 2-0: Fly out, F8 (Line Drive, 8RM, EV 101.3 MPH)
|
Batting: SHB Felipe Gracia
|
0-0: Ball 1-0: Ball 2-0: Called Strike 2-1: Called Strike 2-2: Fly out, F9 (Flyball, 9S, EV 86.9 MPH)
|
Batting: RHB Steven Ramler
|
0-0: Reached on error, E6 (Groundball, 6, EV 80.6 MPH) Shawon Dunston to second
|
Batting: SHB David Enos
|
0-0: Ball Wild Pitch! Shawon Dunston to third Steven Ramler to second 1-0: Called Strike 1-1: Ball 2-1: Foul Ball, location: 2F 2-2: SINGLE (Groundball, 6D, EV 98.8 MPH) Shawon Dunston scores Steven Ramler to third Runner from 3rd tries for Home, throw by CF and OUT! 8-2
|
Top of the 2nd over - 1 run, 2 hits, 1 error, 1 left on base; Pittsfield 1 - Pawtucket 3 |
BOTTOM OF THE 2ND |
Pawtucket Paw Sox batting - Pitching for Pittsfield Colonials : RHP Dave Stieb
|
Batting: LHB Jeff Stone
|
0-0: Ball 1-0: Ball 2-0: Foul Ball, location: 2F 2-1: Swinging Strike 2-2: Ball 3-2: Ground out 4-3 (Groundball, 4, EV 81.9 MPH)
|
Batting: RHB Shooty Babitt
|
0-0: Called Strike 0-1: Ground out 5-3 (Groundball, 56S, EV 81.9 MPH)
|
Batting: LHB Dave Haberle
|
0-0: Ball 1-0: Ball 2-0: Ball 3-0: Called Strike 3-1: Foul Ball, location: 2F 3-2: Foul Ball, location: 2F 3-2: Foul Ball, location: 2F 3-2: Base on Balls
|
Batting: RHB Brick Smith
|
0-0: Ball 1-0: Ball 2-0: Foul Ball, location: 2F 2-1: Foul Ball, location: 2F 2-2: 2-RUN HOME RUN (Line Drive, 7D, EV 108.1 MPH), Distance : 373 ft
|
Batting: LHB David Wiggins
|
0-0: Ball 1-0: Ball 2-0: Fly out, F8 (Flyball, 8LD, EV 101.3 MPH)
|
Bottom of the 2nd over - 2 runs, 1 hit, 0 errors, 0 left on base; Pittsfield 1 - Pawtucket 5 |
TOP OF THE 3RD |
Pittsfield Colonials batting - Pitching for Pawtucket Paw Sox : RHP Kevin McCoy
|
Batting: RHB Juan Castro
|
0-0: Ball 1-0: Called Strike 1-1: Swinging Strike 1-2: Ball 2-2: Strikes out swinging
|
Batting: SHB Steve Scafa
|
0-0: Called Strike 0-1: Foul Ball, location: 2F 0-2: Foul Ball, location: 2F 0-2: Ball 1-2: Strikes out swinging
|
Batting: SHB Mitch Webster
|
0-0: Called Strike 0-1: Reached on error, E3 (Groundball, 34, EV 81.3 MPH)
|
Batting: LHB Terry Francona
|
0-0: Ball Mitch Webster is caught stealing 2nd base 2-6
|
Top of the 3rd over - 0 runs, 0 hits, 1 error, 0 left on base; Pittsfield 1 - Pawtucket 5 |
BOTTOM OF THE 3RD |
Pawtucket Paw Sox batting - Pitching for Pittsfield Colonials : RHP Dave Stieb
|
Batting: LHB Steven Blackman
|
0-0: Swinging Strike 0-1: Foul Ball, location: 2F 0-2: Ball 1-2: Fly out, F9 (Flyball, 89D, EV 107.5 MPH)
|
Batting: RHB Joseph Baciotti
|
0-0: Foul Ball, location: 2F 0-1: Foul Ball, location: 2F 0-2: Foul Ball, location: 2F 0-2: Foul Ball, location: 2F 0-2: Foul Ball, location: 2F 0-2: Ball 1-2: SINGLE (Popup, 4D, EV 62.5 MPH)
|
Batting: RHB Lenny Faedo
|
0-0: Ball 1-0: Ball 2-0: Called Strike 2-1: Ball 3-1: SINGLE (Groundball, 5D, EV 100.0 MPH) Joseph Baciotti to second
|
Batting: RHB Gary Hargis
|
0-0: Foul Ball, location: 2F 0-1: Foul Ball, location: 2F 0-2: Foul Ball, location: 2F 0-2: Foul Ball, location: 2F 0-2: Ball 1-2: Ball 2-2: Foul Ball, location: 2F 2-2: Fly out, F8 (Line Drive, 8RD, EV 86.3 MPH)
|
Batting: LHB Jeff Stone
|
0-0: Ball 1-0: Ball Wild Pitch! Joseph Baciotti to third Lenny Faedo to second 2-0: Ball 3-0: Swinging Strike 3-1: Base on Balls
|
Batting: RHB Shooty Babitt
|
0-0: Ball 1-0: Ball 2-0: Called Strike 2-1: Foul Ball, location: 2F 2-2: DOUBLE (Line Drive, 3D, EV 98.8 MPH) Joseph Baciotti scores Lenny Faedo scores Jeff Stone to third Runner from 3rd tries for Home, SAFE, throw by RF to home
|
Pitching: LHP Richard Santos
|
|
Batting: LHB Dave Haberle
|
0-0: Foul Ball, location: 2F 0-1: SINGLE (Groundball, 4D, EV 95.0 MPH) Shooty Babitt to third Runner from 3rd tries for Home, SAFE, throw by CF to home
|
Batting: RHB Brick Smith
|
0-0: Ball 1-0: Ball 2-0: Ball 3-0: Called Strike 3-1: Base on Balls Dave Haberle to second
|
Batting: LHB David Wiggins
|
0-0: Ball 1-0: SINGLE (Groundball, 34D, EV 98.8 MPH) Dave Haberle to third Brick Smith to second Runner from 3rd tries for Home, SAFE, throw by RF to home
|
Batting: LHB Steven Blackman
|
0-0: Ball 1-0: Called Strike 1-1: Fly out, F8 (Line Drive, 8RD, EV 86.3 MPH)
|
Bottom of the 3rd over - 5 runs, 5 hits, 0 errors, 2 left on base; Pittsfield 1 - Pawtucket 10 |
TOP OF THE 4TH |
Pittsfield Colonials batting - Pitching for Pawtucket Paw Sox : RHP Kevin McCoy
|
Batting: LHB Terry Francona
|
0-0: Ball 1-0: Ball 2-0: Called Strike 2-1: SINGLE (Line Drive, 56, EV 98.1 MPH)
|
Batting: RHB Shawon Dunston
|
0-0: Called Strike 0-1: Foul Ball, location: 2F 0-2: Fly out, F9 (Flyball, 89M, EV 93.8 MPH)
|
Batting: LHB Armando Ortiz
|
0-0: Called Strike 0-1: Swinging Strike 0-2: Strikes out swinging
|
Batting: SHB Felipe Gracia
|
0-0: Called Strike 0-1: Ball 1-1: Called Strike 1-2: Foul Ball, location: 2F 1-2: Foul Ball, location: 2F 1-2: Ball 2-2: Ball 3-2: Foul Ball, location: 2F 3-2: Fly out, F8 (Flyball, 78M, EV 87.5 MPH)
|
Top of the 4th over - 0 runs, 1 hit, 0 errors, 1 left on base; Pittsfield 1 - Pawtucket 10 |
BOTTOM OF THE 4TH |
Pawtucket Paw Sox batting - Pitching for Pittsfield Colonials : LHP Richard Santos
|
Batting: RHB Joseph Baciotti
|
0-0: Ball 1-0: Ball 2-0: Called Strike 2-1: Reached on error, E5 (Groundball, 5L, EV 91.3 MPH)
|
Batting: RHB Lenny Faedo
|
0-0: Ball 1-0: Foul Ball, location: 2F 1-1: Foul Ball, location: 2F 1-2: Fly out, F9 (Flyball, 89S, EV 85.0 MPH)
|
Batting: RHB Gary Hargis
|
0-0: Called Strike 0-1: Called Strike 0-2: Ball 1-2: Foul Ball, location: 2F 1-2: SINGLE (Groundball, 4D, EV 95.0 MPH) Joseph Baciotti to second
|
Batting: LHB Jeff Stone
|
0-0: Ball 1-0: Ball 2-0: Grounds into double play, 4-6-3 (Groundball, 4, EV 97.5 MPH)
|
Bottom of the 4th over - 0 runs, 1 hit, 1 error, 1 left on base; Pittsfield 1 - Pawtucket 10 |
TOP OF THE 5TH |
Pittsfield Colonials batting - Pitching for Pawtucket Paw Sox : RHP Kevin McCoy
|
Batting: RHB Steven Ramler
|
0-0: Ball 1-0: Ball 2-0: Ball 3-0: Called Strike 3-1: Foul Ball, location: 2F 3-2: Base on Balls
|
Batting: SHB David Enos
|
0-0: Ball 1-0: Fielders Choice at 2nd, 4-6 (Groundball, 4, EV 93.8 MPH)
|
Batting: RHB Juan Castro
|
0-0: Ball 1-0: Called Strike 1-1: Ball 2-1: Ball 3-1: Grounds into double play, 4-6-3 (Groundball, 4M, EV 103.1 MPH)
|
Top of the 5th over - 0 runs, 0 hits, 0 errors, 0 left on base; Pittsfield 1 - Pawtucket 10 |
BOTTOM OF THE 5TH |
Pawtucket Paw Sox batting - Pitching for Pittsfield Colonials : LHP Richard Santos
|
Batting: RHB Shooty Babitt
|
0-0: Ball 1-0: Ground out 3-1 (Groundball, 34S, EV 94.4 MPH)
|
Batting: LHB Dave Haberle
|
0-0: Ball 1-0: Foul Ball, location: 2F 1-1: Ball 2-1: Swinging Strike 2-2: Ball 3-2: Base on Balls
|
Batting: RHB Brick Smith
|
0-0: Ball 1-0: Ball 2-0: Reached on error, E5 (Groundball, 5L, EV 97.5 MPH) Dave Haberle to second
|
Batting: LHB David Wiggins
|
0-0: Grounds into double play, 6-4-3 (Groundball, 6, EV 81.3 MPH)
|
Bottom of the 5th over - 0 runs, 0 hits, 1 error, 1 left on base; Pittsfield 1 - Pawtucket 10 |
TOP OF THE 6TH |
Pittsfield Colonials batting - Pitching for Pawtucket Paw Sox : RHP Kevin McCoy
|
Batting: SHB Steve Scafa
|
0-0: Foul Ball, location: 2F 0-1: Ball 1-1: Swinging Strike 1-2: Strikes out swinging
|
Batting: SHB Mitch Webster
|
0-0: Swinging Strike 0-1: Ball 1-1: Ground out 6-3 (Groundball, 6, EV 78.1 MPH)
|
Batting: LHB Terry Francona
|
0-0: Called Strike 0-1: Ground out 4-3 (Groundball, 4, EV 106.3 MPH)
|
Top of the 6th over - 0 runs, 0 hits, 0 errors, 0 left on base; Pittsfield 1 - Pawtucket 10 |
BOTTOM OF THE 6TH |
Pawtucket Paw Sox batting - Pitching for Pittsfield Colonials : LHP Richard Santos
|
Batting: LHB Steven Blackman
|
0-0: Called Strike 0-1: Ball 1-1: SINGLE (Groundball, 34D, EV 98.8 MPH)
|
Batting: RHB Joseph Baciotti
|
0-0: Ball 1-0: Ball 2-0: Swinging Strike 2-1: Swinging Strike 2-2: Foul Ball, location: 2F 2-2: Foul Ball, location: 2F 2-2: Foul Ball, location: 2F 2-2: Ball 3-2: SINGLE (Groundball, 56S, EV 71.3 MPH) (infield hit) Steven Blackman to second
|
Pitching: LHP Jackie Smith
|
|
Batting: RHB Lenny Faedo
|
0-0: Ball 1-0: Swinging Strike 1-1: Ball 2-1: Ground out 5-3 (Groundball, 56S, EV 73.1 MPH) Steven Blackman to third Joseph Baciotti to second
|
Batting: RHB Gary Hargis
|
0-0: Ball 1-0: Called Strike 1-1: Ground out 4-3 (Groundball, 4, EV 90.6 MPH) Steven Blackman scores Joseph Baciotti to third
|
Batting: LHB Jeff Stone
|
0-0: Swinging Strike 0-1: Foul Ball, location: 2F 0-2: Strikes out swinging
|
Bottom of the 6th over - 1 run, 2 hits, 0 errors, 1 left on base; Pittsfield 1 - Pawtucket 11 |
TOP OF THE 7TH |
Pittsfield Colonials batting - Pitching for Pawtucket Paw Sox : RHP Kevin McCoy
|
Batting: RHB Shawon Dunston
|
0-0: Called Strike 0-1: Ball 1-1: Called Strike 1-2: Ground out 6-3 (Groundball, 6MS, EV 67.5 MPH)
|
Batting: LHB Armando Ortiz
|
0-0: Ball 1-0: Foul Ball, location: 2F 1-1: Foul Ball, location: 2F 1-2: Ball 2-2: SOLO HOME RUN (Flyball, 9D, EV 95.0 MPH), Distance : 374 ft
|
Batting: SHB Felipe Gracia
|
0-0: Called Strike 0-1: Swinging Strike 0-2: Ball 1-2: Ground out 5-3 (Groundball, 56S, EV 66.3 MPH)
|
Batting: RHB Steven Ramler
|
0-0: Ball 1-0: Foul Ball, location: 2F 1-1: Ball 2-1: Called Strike 2-2: Fly out, F8 (Flyball, 8LS, EV 87.5 MPH)
|
Top of the 7th over - 1 run, 1 hit, 0 errors, 0 left on base; Pittsfield 2 - Pawtucket 11 |
BOTTOM OF THE 7TH |
Pawtucket Paw Sox batting - Pitching for Pittsfield Colonials : LHP Jackie Smith
|
Batting: RHB Shooty Babitt
|
0-0: Ball 1-0: Called Strike 1-1: Ball 2-1: SINGLE (Line Drive, 4MD, EV 98.1 MPH)
|
Batting: LHB Dave Haberle
|
0-0: Called Strike 0-1: Ball 1-1: Ball 2-1: Foul Ball, location: 2F 2-2: Strikes out looking
|
Batting: RHB Brick Smith
|
0-0: Ball 1-0: Grounds into double play, 6-4-3 (Groundball, 6, EV 93.8 MPH)
|
Bottom of the 7th over - 0 runs, 1 hit, 0 errors, 0 left on base; Pittsfield 2 - Pawtucket 11 |
TOP OF THE 8TH |
Pittsfield Colonials batting - Pitching for Pawtucket Paw Sox : RHP Kevin McCoy
|
Batting: SHB David Enos
|
0-0: Ball 1-0: Called Strike 1-1: Called Strike 1-2: Fly out, F5 (Popup, 6S, EV 70.0 MPH)
|
Batting: RHB Juan Castro
|
0-0: Called Strike 0-1: Ball 1-1: Ball 2-1: Ball 3-1: Ground out 6-3 (Groundball, 6, EV 84.4 MPH)
|
Batting: SHB Steve Scafa
|
0-0: Swinging Strike 0-1: Swinging Strike 0-2: Ball 1-2: Ball 2-2: Fly out, F8 (Flyball, 8LM, EV 91.9 MPH)
|
Top of the 8th over - 0 runs, 0 hits, 0 errors, 0 left on base; Pittsfield 2 - Pawtucket 11 |
BOTTOM OF THE 8TH |
Pawtucket Paw Sox batting - Pitching for Pittsfield Colonials : LHP Jackie Smith
|
Batting: LHB David Wiggins
|
0-0: Called Strike 0-1: Called Strike 0-2: Strikes out swinging
|
Batting: LHB Steven Blackman
|
0-0: Foul Ball, location: 2F 0-1: Swinging Strike 0-2: Strikes out swinging
|
Batting: RHB Joseph Baciotti
|
0-0: Ball 1-0: Called Strike 1-1: Ball 2-1: Ball 3-1: Base on Balls
|
Batting: RHB Lenny Faedo
|
0-0: Ball 1-0: SINGLE (Groundball, 56D, EV 106.3 MPH) Joseph Baciotti to second
|
Batting: RHB Gary Hargis
|
0-0: Ground out 4-3 (Groundball, 4, EV 92.5 MPH)
|
Bottom of the 8th over - 0 runs, 1 hit, 0 errors, 2 left on base; Pittsfield 2 - Pawtucket 11 |
TOP OF THE 9TH |
Pittsfield Colonials batting - Pitching for Pawtucket Paw Sox : RHP Kevin McCoy
|
Batting: SHB Mitch Webster
|
0-0: Ground out 6-3 (Groundball, 6, EV 85.6 MPH)
|
Batting: LHB Terry Francona
|
0-0: Swinging Strike 0-1: SINGLE (Groundball, 34D, EV 100.6 MPH)
|
Batting: RHB Shawon Dunston
|
0-0: Ball 1-0: Swinging Strike 1-1: Called Strike 1-2: Foul Ball, location: 2F 1-2: Strikes out swinging
|
Batting: LHB Armando Ortiz
|
0-0: Called Strike 0-1: Swinging Strike 0-2: Ball 1-2: Ball 2-2: Fly out, F9 (Flyball, 89S, EV 89.4 MPH)
|
Top of the 9th over - 0 runs, 1 hit, 0 errors, 1 left on base; Pittsfield 2 - Pawtucket 11 |
|